Map: Ruins of Seras

Players

Nistic

  • Race: Zerg Zerg
  • League: Master

State - Winner!

  • Race: Protoss Protoss
  • League: Master

VOD

Have the link to the VOD?

Description

Time

  • Played on: Feb. 1, 2016, 5:19 p.m.
  • Length: 8:17
Show
View Real Time Build Order
Export as new Build Order

Nistic Zerg 

Build Orders: Hatch First 

Get SALT Encoding   

  12  0:01  Drone  
  13  0:08  Drone  
  14  0:18  Overlord  
  14  0:22  Extractor  
  14  0:24  Drone  
  15  0:38  Drone x2  
  17  0:55  Hatchery  
  16  0:58  Drone  
  17  1:12  Spawning Pool  
  17  1:15  Drone  
  17  1:19  Drone  
  17  1:21  Extractor  
  17  1:24  Drone  
  18  1:27  Drone  
  19  1:38  Overlord  
  19  1:50  Drone  
  20  1:58  Queen  
  20  2:00  Zergling x2  
  23  2:06  Queen  
  23  2:07  Drone  
  26  2:11  Drone  
  27  2:17  Drone  
  28  2:23  Metabolic Boost  
  28  2:36  Hatchery  
  27  2:38  Drone  
  27  2:39  Drone  
  27  2:42  Drone  
  31  2:44  Drone  
  31  2:49  Overlord  
  31  2:51  Drone  
  32  2:54  Drone  
  33  3:00  Overlord  
  33  3:09  Zergling x8  
  37  3:14  Zergling x6  
  37  3:18  Zergling x4  
  42  3:26  Drone, Extractor  
  42  3:28  Drone  
  43  3:35  Drone  
  43  3:44  Overlord  
  43  3:46  Drone  
  44  3:48  Overlord  
  44  3:52  Drone  
  47  3:57  Drone  
  47  4:00  Drone  
  49  4:05  Lair  
  49  4:06  Drone x2  
  49  4:12  Overlord  
  49  4:13  Drone, Hatchery  
  49  4:18  Evolution Chamber  
  49  4:19  Drone x2  
  49  4:21  Drone  
  49  4:22  Drone  
  52  4:24  Drone  
  53  4:33  Roach Warren  
  53  4:36  Drone x3  
  53  4:38  Drone  
  56  4:44  Queen  
  56  4:45  Drone  
  59  4:49  Zerg Missile Weapons Level 1  
  59  4:51  Drone  
  59  4:52  Drone  
  61  4:54  Drone  
  61  5:00  Spore Crawler  
  61  5:06  Spore Crawler  
  57  5:08  Drone x2  
  57  5:10  Spore Crawler  
  52  5:15  Glial Reconstitution  
  52  5:24  Drone x2  
  52  5:25  Drone x6  
  52  5:26  Drone x5  
  52  5:28  Drone x2  
  67  5:32  Roach  
  69  5:38  Roach  
  69  5:39  Roach x3  
  77  5:49  Roach x4  
  85  5:53  Overlord x2  
  85  5:54  Overlord  
  85  5:56  Pneumatized Carapace  
  85  6:01  Overlord x2  
  85  6:02  Overlord  
  85  6:06  Hydralisk Den  
  85  6:08  Evolution Chamber  
  85  6:10  Extractor  
  82  6:12  Extractor  
  77  6:22  Roach x4  
  77  6:24  Roach x2  
  86  6:29  Roach  
  87  6:41  Roach  
  88  6:48  Roach  
  88  6:49  Zergling x30  
  99  7:03  Drone  
  99  7:05  Spore Crawler x2  
  99  7:08  Drone x4  
  99  7:09  Queen  
  99  7:10  Drone  
  99  7:15  Drone  
  103  7:18  Drone x2  
  104  7:24  Overlord x3  
  104  7:36  Queen  
  104  7:44  Drone  
  104  7:45  Drone x2  
  104  7:46  Drone x8  
  116  7:52  Hydralisk  
Show
View Real Time Build Order
Export as new Build Order

State Protoss - Winner!

Build Orders: Nexus First 

Get SALT Encoding   

  12  0:01  Probe (Chrono Boost)  
  13  0:11  Probe (Chrono Boost)  
  14  0:19  Pylon  
  14  0:23  Probe (Chrono Boost)  
  15  0:37  Probe (Chrono Boost)  
  16  0:48  Probe (Chrono Boost)  
  17  1:02  Nexus  
  17  1:05  Probe (Chrono Boost)  
  18  1:15  Gateway  
  18  1:18  Probe (Chrono Boost)  
  19  1:26  Assimilator  
  19  1:29  Probe (Chrono Boost)  
  20  1:33  Assimilator  
  21  1:40  Probe (Chrono Boost)  
  21  1:49  Gateway  
  21  1:50  Probe (Chrono Boost)  
  22  1:57  Pylon  
  22  2:01  Probe (Chrono Boost)  
  23  2:10  Cybernetics Core  
  23  2:14  Probe (Chrono Boost)  
  24  2:17  Probe (Chrono Boost)  
  25  2:24  Probe (Chrono Boost)  
  25  2:28  Probe (Chrono Boost)  
  27  2:35  Probe (Chrono Boost)  
  28  2:37  Pylon  
  28  2:38  Probe (Chrono Boost)  
  29  2:45  Probe (Chrono Boost)  
  29  2:49  Adept x2  
  34  2:51  Probe (Chrono Boost)  
  34  2:54  Warp Gate  
  34  2:56  Probe (Chrono Boost)  
  36  3:02  Mothership Core (Chrono Boost)  
  38  3:10  Probe (Chrono Boost)  
  39  3:14  Gateway  
  39  3:18  Sentry x2  
  43  3:20  Probe (Chrono Boost)  
  43  3:22  Probe (Chrono Boost)  
  43  3:26  Gateway  
  45  3:31  Probe (Chrono Boost)  
  45  3:32  Probe (Chrono Boost)  
  47  3:35  Pylon  
  48  3:41  Probe (Chrono Boost)  
  48  3:43  Probe (Chrono Boost)  
  48  3:46  Assimilator x2  
  49  3:49  Pylon  
  49  3:52  Probe (Chrono Boost)  
  49  3:53  Probe (Chrono Boost)  
  51  4:02  Probe (Chrono Boost)  
  52  4:04  Probe (Chrono Boost)  
  53  4:11  Stargate  
  53  4:12  Stargate  
  53  4:13  Probe (Chrono Boost)  
  53  4:14  Probe (Chrono Boost)  
  59  4:19  Adept x2  
  59  4:23  Probe (Chrono Boost)  
  60  4:25  Probe (Chrono Boost)  
  60  4:27  Pylon  
  61  4:34  Probe (Chrono Boost)  
  61  4:35  Probe (Chrono Boost)  
  63  4:44  Probe (Chrono Boost)  
  63  4:45  Pylon  
  64  4:46  Probe (Chrono Boost)  
  64  4:51  Nexus  
  65  4:55  Probe (Chrono Boost)  
  65  4:59  Probe (Chrono Boost)  
  65  5:04  Adept x4  
  65  5:05  Probe (Chrono Boost)  
  72  5:10  Probe (Chrono Boost)  
  71  5:15  Phoenix x2 (Chrono Boost)  
  71  5:17  Probe  
  71  5:20  Probe  
  77  5:36  Adept x2  
  77  5:37  Adept x2  
  77  5:40  Probe  
  77  5:42  Pylon  
  86  5:58  Pylon  
  86  6:00  Phoenix x2 (Chrono Boost), Probe x2  
  92  6:06  Forge, Twilight Council, Probe  
  93  6:12  Probe x2  
  93  6:16  Probe  
  96  6:24  Probe  
  101  6:25  Phoenix x2 (Chrono Boost)  
  101  6:27  Probe x2  
  103  6:36  Probe  
  103  6:37  Probe  
  103  6:39  Probe  
  110  6:47  Void Ray x2 (Chrono Boost)  
  110  6:48  Probe  
  110  6:49  Probe  
  110  6:51  Probe  
  115  6:59  Robotics Facility x2  
  113  7:06  Probe  
  113  7:07  Probe  
  111  7:21  Assimilator, Photon Cannon  
  111  7:23  Assimilator  
  111  7:24  Void Ray (Chrono Boost), Photon Cannon  
  111  7:26  Pylon, Photon Cannon  
  111  7:27  Pylon  
  111  7:29  Pylon  
  115  7:32  Photon Cannon  
  115  7:34  Adept  
  117  7:37  Pylon  
  129  7:55  Pylon, Stalker x3  
  129  8:10  Stalker  
Tags
 
Add a new tag
Caveats
  • Supply blocks, unpowered buildings, or Contaminate may cause inaccurate times.
  • Supply counts are checked every 10 seconds.